 Dungeon Crawl Stone Soup version 0.26-a0-597-gb535b0901c (webtiles) character file.

Game seed: 6933656704871014226

15625 Cokeysmoke the Carver (level 12, -2/91 HPs)
             Began as a Merfolk Gladiator on Sept 3, 2020.
             Was a High Priest of Elyvilon.
             Slain by Rupert
             ... wielding a +0 battleaxe of electrocution
              (31 damage)
             ... on level 13 of the Dungeon.
             The game lasted 00:51:27 (10847 turns).

Cokeysmoke the Carver (Merfolk Gladiator)          Turns: 10847, Time: 00:51:28

Health: -2/91      AC: 25    Str: 15    XL:     12   Next: 29%
Magic:  16/16      EV: 18    Int: 16    God:    Elyvilon [*****.]
Gold:   726        SH:  7    Dex: 21    Spells: 11/11 levels left

rFire    . . .     SeeInvis .   w - +7 scimitar of the Lame Duck {protect, rElec Int+3 Dex+3}
rCold    . . .     Faith    +   S - +0 buckler
rNeg     . . .     Spirit   .   j - +4 ring mail of Hairy Curiosity {Int+4 Stlth+}
rPois    .         Reflect  .   c - +0 helmet
rElec    +         Harm     .   s - +0 cloak
rCorr    .                      f - +1 pair of gloves
MR       .....                  (no boots)
Stlth    ++........             P - amulet of faith
HPRegen  0.25/turn              F - +4 ring of protection
MPRegen  0.15/turn              u - +4 ring of slaying

@: protection aura
A: change form in water, swift swim, stealthy swim
a: Lesser Healing, Heal Other, Purification, Greater Healing, Divine Vigour,
Divine Protection, Renounce Religion


You were on level 13 of the Dungeon.
You worshipped Elyvilon.
Elyvilon was extremely pleased with you.
You visited 2 branches of the dungeon, and saw 13 of its levels.
You also visited: Ossuary.

You collected 726 gold pieces.

Inventory:

Hand Weapons
 a - a +0 trident
 b - a +5 long sword
 p - a +1 antimagic short sword
 w - the +7 scimitar of the Lame Duck (weapon) {protect, rElec Int+3 Dex+3}
   (You found it on level 6 of the Dungeon)

   It grants its wielder temporary protection when it strikes (+7 to AC).
   It affects your intelligence (+3).
   It affects your dexterity (+3).
   It insulates you from electricity.
 U - a +2 longbow of flaming
Missiles
 d - 3 throwing nets (quivered)
 h - 5 datura-tipped darts
 v - 11 boomerangs
 y - 105 bolts
 z - 12 poisoned darts
Armour
 c - a +0 helmet (worn)
 f - a +1 pair of gloves (worn)
 j - the +4 ring mail of Hairy Curiosity (worn) {Int+4 Stlth+}
   (You found it on level 5 of the Dungeon)

   It affects your intelligence (+4).
   It makes you more stealthy.
 s - a +0 cloak (worn)
 H - a +1 chain mail of cold resistance
 K - the +2 robe "Mojudano" {rElec Regen+ Str+3 Stlth-, unknown}
   (You found it on level 7 of the Dungeon)

   It affects your strength (+3).
   It insulates you from electricity.
   It increases your rate of regeneration.
   It makes you less stealthy.
 O - a +0 kite shield
 R - the +1 leather armour of Falit {Dex+2, unknown}
   (You found it on level 10 of the Dungeon)

   It affects your dexterity (+2).
 S - a +0 buckler (worn)
Jewellery
 e - an uncursed amulet of the acrobat
 u - a +4 ring of slaying (right hand)
 E - an uncursed ring of attention
 F - a +4 ring of protection (left hand)
 I - an uncursed amulet of reflection
 J - an uncursed ring of positive energy {unknown}
 L - an uncursed ring of flight {unknown}
 P - an amulet of faith (around neck)
Wands
 Q - a wand of polymorph (5)
 T - a wand of acid (11)
Scrolls
 i - a scroll of fog
 n - 6 scrolls of remove curse
 o - 2 scrolls of summoning
 x - a scroll of teleportation
 A - 2 scrolls of immolation {unknown}
 B - 2 scrolls of magic mapping
 N - 2 scrolls of enchant armour
Potions
 g - 4 potions of lignification
 k - 5 potions of curing
 l - 4 potions of heal wounds
 m - 3 potions of resistance
 q - 5 potions of stabbing
 r - 3 potions of flight {unknown}
 t - a potion of magic {unknown}
 C - a potion of brilliance {unknown}
 D - 3 potions of mutation {unknown}
 G - 2 potions of might {unknown}
 M - a potion of haste {unknown}


   Skills:
 - Level 7.0 Fighting
 * Level 13.6 Long Blades
 - Level 8.6 Polearms
 - Level 2.0 Throwing
 - Level 3.4 Armour
 - Level 9.0 Dodging
 + Level 8.2 Shields
 - Level 6.0 Invocations


You had 11 spell levels left.
You didn't know any spells.
Your spell library contained the following spells:

 Spells                   Type           Power        Failure   Level
 Foxfire                  Conj/Fire      #...         43%         1
 Conjure Flame            Conj/Fire      #.......     82%         3
 Inner Flame              Hex/Fire       #.......     82%         3
 Sticky Flame             Conj/Fire      #.......     99%         4
 Fireball                 Conj/Fire      #.........   100%        5


Dungeon Overview and Level Annotations

Branches:
Dungeon (14/15)            Temple (1/1) D:5            Lair (0/6) D:10
Ossuary (visited)
    Orc: D:9-12      Vaults: D:13-14

Altars:
Ashenzari
Cheibriados
Dithmenos
Elyvilon
Gozag
Okawaru
Ru
Trog
Vehumet
Yredelemnul
Zin

Shops:
D:10 (

Annotations:
D:8 1 runed translucent door, p0werm0de's ghost, novice DDFi
D:13 Rupert


Message History

You hit Rupert but do no damage.
Rupert is severely wounded.
Rupert barely misses you.
You hit Rupert but do no damage.
Rupert is severely wounded.
You barely miss Rupert.
Rupert is severely wounded.
Rupert misses you.
You hit Rupert.
Rupert is severely wounded.
Rupert hits you with a +0 battleaxe of electrocution!!
You slash Rupert!
Rupert is severely wounded.
Rupert closely misses you.
You slash Rupert!
Rupert is almost dead.
You slice Rupert!!
Rupert is almost dead.
Rupert hits you with a +0 battleaxe of electrocution!!
You die...

####### ****#.....# #######
*,,,+.....#*************
......#***,**#.....+,,,,,,,,,,,,,
......+,,,,* #..@..#*************
.[....#***** #..@..# * ......#
#.....# ......# #.....# ......#
#.....# ......# ##'#### '######
#.### .# #...# .# ###'## .#
#....# #########


You could see Rupert (berserk).

Vanquished Creatures
  Nessos (D:13)
  Snorg (D:13)
  A two-headed ogre (D:14)
  A vault guard (D:13)
  A centaur warrior (D:14)
  An ugly thing (D:11)
  A gargoyle (D:13)
  2 rime drakes (D:13)
  A komodo dragon (D:10)
  A yaktaur (D:13)
  A merfolk (shapeshifter) (D:14)
  A queen bee (D:10)
  A harpy skeleton (D:14)
  2 slime creatures (D:14)
  3 hippogriffs
  4 yaks (D:13)
  A wyvern (D:14)
  7 vampire mosquitoes
  2 hornet zombies
  A phantom (D:8)
  4 orc warriors
  An eye of draining (D:7)
  2 ice beasts
  3 sky beasts
  6 ogres
  A necrophage (D:13)
  11 centaurs
  A crocodile (D:13)
  An elf zombie (Ossuary)
  7 bullfrogs
  A scorpion (D:7)
  12 killer bees (D:10)
  8 wights
  2 howler monkeys (D:8)
  3 centaur zombies
  A quasit (D:6)
  5 bullfrog skeletons
  A bullfrog zombie (D:5)
  5 centaur skeletons
  2 human zombies (Ossuary)
  4 hounds
  Crazy Yiuf (D:6)
  2 jellies
  4 orc priests (D:6)
  10 orc wizards
  5 iguanas
  A statue (D:5)
  3 worker ants
  A big kobold zombie (Ossuary)
  2 hound zombies
  3 mummies
  A howler monkey zombie (D:6)
  10 adders
  2 white imps (D:7)
  2 adder zombies
  2 adder skeletons
  3 worms
  2 dart slugs
  5 leopard geckos
  34 orcs
  4 ball pythons
  3 giant cockroaches
  6 hobgoblins
  8 jackals
  6 quokkas
  4 bats
  3 frilled lizards
  6 goblins
  7 hobgoblin zombies (Ossuary)
  A jackal skeleton (D:6)
  A jackal zombie (Ossuary)
  9 kobolds
  10 kobold zombies (Ossuary)
  A leopard gecko skeleton (D:6)
  10 orc zombies (Ossuary)
  2 rats (D:1)
  2 rat zombies (Ossuary)
291 creatures vanquished.

Vanquished Creatures (others)
  27 plants
  2 withered plants (D:8)
29 creatures vanquished.

Grand Total: 320 creatures vanquished

Notes
Turn   | Place    | Note
-------+----------+-------------------------------------------
     0 | D:1      | Cokeysmoke the Merfolk Gladiator began the quest for the
                  | Orb.
     0 | D:1      | Reached XP level 1. HP: 16/16 MP: 1/1
   125 | D:1      | Reached XP level 2. HP: 21/22 MP: 2/2
   287 | D:1      | Reached skill level 5 in Polearms
   586 | D:2      | Reached XP level 3. HP: 23/28 MP: 3/3
  1124 | D:2      | Found a faded altar of an unknown god.
  1460 | D:3      | Reached skill level 1 in Armour
  1605 | D:3      | Reached XP level 4. HP: 31/34 MP: 4/4
  2404 | D:4      | Found a shadowy altar of Dithmenos.
  2592 | D:4      | Reached XP level 5. HP: 35/41 MP: 5/5
  2912 | D:4      | Reached skill level 5 in Dodging
  3160 | D:4      | Found a shattered altar of Ashenzari.
  3343 | D:4      | Found an opulent altar of Gozag.
  3508 | D:4      | Reached XP level 6. HP: 43/48 MP: 6/6
  3552 | D:4      | Found a sacrificial altar of Ru.
  3552 | D:4      | Found a white marble altar of Elyvilon.
  3561 | D:4      | Became a worshipper of Elyvilon the Healer
  3733 | D:5      | Entered Level 5 of the Dungeon
  3766 | D:5      | Got a scorched ring mail
  3777 | D:5      | Identified the +4 ring mail of Hairy Curiosity {Int+4
                  | Stlth+} (You found it on level 5 of the Dungeon)
  3794 | D:5      | Found a radiant altar of Vehumet.
  3975 | D:5      | Reached * piety under Elyvilon
  3977 | D:5      | Found a sand-covered staircase.
  3990 | Ossuary  | Entered an ossuary
  4006 | Ossuary  | Reached XP level 7. HP: 54/54 MP: 7/7
  4546 | D:5      | Found a staircase to the Ecumenical Temple.
  4558 | Temple   | Entered the Ecumenical Temple
  4649 | D:5      | Reached skill level 5 in Fighting
  4913 | D:5      | Found a glowing silver altar of Zin.
  4981 | D:6      | Reached XP level 8. HP: 38/62 MP: 8/8
  5091 | D:6      | Reached skill level 1 in Invocations
  5568 | D:6      | Reached ** piety under Elyvilon
  5573 | D:6      | Got a brightly glowing scimitar
  5707 | D:6      | Identified the +7 scimitar of the Lame Duck {protect, rElec
                  | Int+3 Dex+3} (You found it on level 6 of the Dungeon)
  5769 | D:6      | Noticed a hippogriff
  5777 | D:6      | Killed a hippogriff
  5777 | D:6      | Reached skill level 2 in Long Blades
  5777 | D:6      | Reached XP level 9. HP: 65/71 MP: 11/11
  5983 | D:6      | Reached skill level 3 in Long Blades
  6090 | D:6      | Found a runed translucent door.
  6091 | D:6      | Noticed Crazy Yiuf
  6256 | D:6      | Killed Crazy Yiuf
  6434 | D:7      | Got a warped robe
  6480 | D:7      | Reached *** piety under Elyvilon
  6672 | D:7      | Reached skill level 4 in Long Blades
  6869 | D:7      | Found a bloodstained altar of Trog.
  7092 | D:7      | Reached skill level 5 in Long Blades
  7092 | D:7      | Reached skill level 5 in Invocations
  7286 | D:8      | Found a basalt altar of Yredelemnul.
  7318 | D:8      | Reached skill level 6 in Long Blades
  7350 | D:8      | Reached XP level 10. HP: 79/79 MP: 14/14
  7396 | D:8      | Found a runed translucent door.
  7396 | D:8      | Noticed p0werm0de's ghost (novice DDFi)
  7405 | D:8      | Reached skill level 1 in Shields
  7599 | D:8      | Reached **** piety under Elyvilon
  7634 | D:8      | Reached skill level 7 in Long Blades
  7648 | D:8      | You fall into a shaft and drop 2 floors!
  7648 | D:10     | Entered Level 10 of the Dungeon
  7874 | D:10     | Found Ileahyor's Antique Weapon Shop.
  7951 | D:10     | Found a staircase to the Lair.
  7979 | D:10     | Reached skill level 8 in Long Blades
  8605 | D:10     | Reached skill level 9 in Long Blades
  8609 | D:10     | Got a faintly humming leather armour
  8922 | D:11     | Noticed a brown ugly thing
  8929 | D:11     | Killed a brown ugly thing
  8946 | D:11     | You fall into a shaft and drop 2 floors!
  8987 | D:13     | Reached skill level 10 in Long Blades
  8987 | D:13     | Reached XP level 11. HP: 84/84 MP: 15/15
  9009 | D:13     | Reached skill level 5 in Shields
  9020 | D:13     | Noticed a vault guard
  9039 | D:13     | Reached ***** piety under Elyvilon
  9040 | D:13     | Noticed a vault guard
  9074 | D:13     | You fall into a shaft and drop 1 floor!
  9074 | D:14     | Noticed a purple ugly thing
  9074 | D:14     | Noticed a purple ugly thing
  9074 | D:14     | Noticed a purple ugly thing
  9075 | D:14     | Noticed a purple ugly thing
  9075 | D:14     | Noticed a purple ugly thing
  9265 | D:14     | Found an iron altar of Okawaru.
  9265 | D:14     | Noticed a two-headed ogre
  9275 | D:14     | Reached skill level 11 in Long Blades
  9277 | D:14     | Killed a two-headed ogre
  9603 | D:14     | Noticed a centaur warrior
  9610 | D:14     | Killed a centaur warrior
  9610 | D:14     | Reached skill level 12 in Long Blades
  9650 | D:13     | Killed a vault guard
  9679 | D:13     | Found a frozen archway.
  9957 | D:13     | Reached XP level 12. HP: 84/91 MP: 16/16
  9994 | D:13     | Noticed Nessos
 10023 | D:13     | Killed Nessos
 10023 | D:13     | Reached skill level 13 in Long Blades
 10331 | D:13     | Noticed Snorg
 10347 | D:13     | Killed Snorg
 10816 | D:13     | Noticed Rupert
 10847 | D:13     | Slain by Rupert

Illustrated notes

Levels and vault maps discovered:
D:1:      wander_arrival_estate, layout_basic, serial_bayou_pond_e
D:2:      layout_rooms, chequers_ecumenical_altar_lobes, kennysheep_small_spiral
D:3:      layout_basic, st_stairs_13, serial_bayou_pond_c
D:4:      layout_basic, lemuel_round_altar, grunt_dithmenos_smoke,
          grunt_gozag_breadcrumbs, gammafunk_temple_overflow_statue
D:5:      layout_loops_cross, zin_scriptorium, vehumet_statue,
          minmay_temple_entry_glassed_door, gup_ossuary_entry_pyramid,
          corexii_item_surrounded_by_moat
D:6:      layout_cave_pools, serial_bayou_pond_b, uniq_crazy_yiuf_cottage
D:7:      layout_gridville, minmay_liquid_box, trog_eyes_of_draining
D:8:      layout_rooms, kennysheep_little_box, gammafunk_ghost_grave
D:10:     layout_basic, david_lair_shrubbed, serial_shops, kennysheep_mini_moat,
          nicolae_looking_at_the_future
D:11:     layout_loops_cross, david_orc_4, hex_medium,
          minmay_the_grid_square_5x5_3x3_mashed
          [minmay_the_grid_square_5x5_inner_i,
          minmay_the_grid_square_5x5_spiral_small,
          minmay_the_grid_square_5x5_three_small,
          minmay_the_grid_square_5x5_minivault,
          minmay_the_grid_square_5x5_megaprize_checkered,
          minmay_the_grid_square_5x5_shrine2, minmay_the_grid_square_5x5_corner,
          minmay_the_grid_square_5x5_lines,
          minmay_the_grid_square_5x5_tetrominoes]
D:13:     layout_roguey, grunt_vaults_entry_fortified, portal_ice_cave_rime,
          minmay_between, uniq_rupert, uniq_nessos, uniq_snorg
D:14:     layout_basic, minmay_misc_feat_encased, okawaru_ov_weapons_minmay,
          uniq_agnes
Temple:   nicolae_temple_figure_eight

Skill      XL: |  1  2  3  4  5  6  7  8  9 10 11 12 |
---------------+-------------------------------------+-----
Polearms       | 5 6 7 8 |  8.6
Armour         | 1 2 3 |  3.4
Fighting       | 3 4 5 6 7 |  7.0
Dodging        | 5 6 7 8 9 |  9.0
Invocations    | 3 5 6 |  6.0
Long Blades    | 2 6 10 12 13 | 13.6
Shields        | 4 7 8 |  8.2
Throwing       | |  2.0

Action                   |  1- 3 |  4- 6 |  7- 9 | 10-12 || total
-------------------------+-------+-------+-------+-------++-------
Melee: Trident           |   117 |   162 |   429 |       ||   708
       Scimitar          |       |       |   112 |   367 ||   479
       Tailslap          |       |       |       |     3 ||     3
Throw: Throwing net      |       |       |     1 |     1 ||     2
Invok: Greater Healing   |       |       |       |     1 ||     1
  Use: Scroll            |     3 |    11 |     3 |     5 ||    22
       Potion            |       |       |       |     3 ||     3
 Stab: Sleeping          |       |       |     8 |     7 ||    15
       Distracted        |       |       |     2 |       ||     2
       Held in net/web   |       |       |     1 |     2 ||     3
Armor: Leather armour    |    10 |       |       |       ||    10
       Ring mail         |    15 |    47 |   262 |   168 ||   492
Dodge: Dodged            |    68 |    90 |   361 |   331 ||   850
Block: Buckler           |       |       |       |    45 ||    45
       Rpst.: Scimitar   |       |       |    22 |   103 ||   125

Table legend: (Time is in decaauts)
 A = Elapsed time spent in this place.
 B = Non-inter-level travel time spent in this place.
 C = Inter-level travel time spent in this place.
 D = Time resting spent in this place.
 E = Time spent auto-exploring this place.
 F = Levels seen in this place.
 G = Mean time per level.
                   A        B        C        D        E       F      G
               +--------+--------+--------+--------+--------+-----+--------+
         Total |  10755 |  10597 |    158 |   1284 |   6651 |  14 |  768.2 |
       Dungeon |  10352 |  10194 |    158 |   1282 |   6499 |  12 |  862.7 |
        Temple |     39 |     39 |      0 |      0 |     27 |   1 |   39.0 |
       Ossuary |    363 |    363 |      0 |      2 |    125 |   1 |  363.0 |
               +--------+--------+--------+--------+--------+-----+--------+

Top non-repeatable levels by time:
     D:4: 1389 daAuts
     D:6: 1368 daAuts
    D:13: 1283 daAuts
    D:10: 1250 daAuts
     D:3: 1067 daAuts
     D:7: 954 daAuts
     D:5: 796 daAuts
     D:2: 711 daAuts
     D:1: 563 daAuts
    D:14: 550 daAuts
     D:8: 378 daAuts
 Ossuary: 363 daAuts
  Temple: 39 daAuts
    D:11: 38 daAuts
